 Dungeon Crawl Stone Soup version 0.23.1-42-g8abd8fc (webtiles) character file.

Game seed: 14107048147426908818

521 Borgoz the Shield-Bearer (level 7, 0/64 HPs)
             Began as a Gargoyle Fighter on Mar 30, 2019.
             Killed by divine providence
             ... invoked by an orc priest
              (12 damage)
             ... on level 4 of the Dungeon.
             The game lasted 00:07:10 (2731 turns).

Borgoz the Shield-Bearer (Gargoyle Fighter)         Turns: 2731, Time: 00:07:10

Health: 0/64       AC: 23    Str: 20    XL:     7   Next: 21%
Magic:  9/9        EV:  2    Int:  8    God:
Gold:   184        SH: 13    Dex: 11    Spells: 8/9 levels left

rFire    + . .     SeeInvis .   a - +0 rapier
rCold    . . .     Gourm    .   c - +0 shield
rNeg     + + +     Faith    .   (armour currently unavailable)
rPois    ∞         Spirit   .   (helmet currently unavailable)
rElec    .         Reflect  +   (cloak currently unavailable)
rCorr    .         Harm     .   (gloves currently unavailable)
MR       +....     NoTele   +   (boots currently unavailable)
Stlth    ++........             h - +4 amulet of reflection
HPRegen  0.20/turn              d - ring of protection from fire
MPRegen  0.11/turn              n - ring of protection from magic

@: tree-form
A: negative energy resistance 1, petrification resistance, rot immunity, AC +4
a: no special abilities


You were on level 4 of the Dungeon.
You were hungry.
You were a tree.
You visited 1 branch of the dungeon, and saw 4 of its levels.

You collected 184 gold pieces.

Inventory:

Hand Weapons
 a - a +0 rapier (weapon)
Armour
 b - a +0 scale mail (melded)
 c - a +0 shield (worn)
 l - a +0 pair of gloves (melded)
Jewellery
 d - a ring of protection from fire (left branch)
 h - a +4 amulet of reflection (around neck)
 i - an uncursed ring of magical power
 n - a ring of protection from magic (right branch)
 u - a +3 ring of strength {unknown}
Wands
 m - a wand of flame (6)
Scrolls
 e - a scroll of teleportation {unknown}
 g - a scroll of enchant weapon {unknown}
 j - 6 scrolls of identify {unknown}
 k - a scroll of blinking {unknown}
 o - a scroll of remove curse {unknown}
 q - a scroll of enchant armour {unknown}
 r - a scroll of fear {unknown}
Potions
 s - a potion of mutation
 t - a potion of lignification
 v - a potion of curing
Comestibles
 f - 12 rations
 p - 6 chunks of flesh


   Skills:
 + Level 4.1 Fighting
 * Level 3.4 Short Blades
 + Level 1.8 Throwing
 + Level 4.1 Armour
 * Level 2.4 Dodging
 + Level 2.2 Stealth
 + Level 4.1 Shields
 + Level 1.7 Spellcasting


You had 8 spell levels left.
You knew the following spells:

 Your Spells              Type           Power        Failure   Level  Hunger
a - Confusing Touch       Hex            #.....       83%         1    ##.....

Your spell library contained the following spells:

 Spells                   Type           Power        Failure   Level  Hunger
 Apportation              Tloc           #.....       83%         1    ##.....
 Flame Tongue             Conj/Fire      #....        83%         1    ##.....
 Pain                     Necr           #...         83%         1    ##.....
 Sandblast                Erth           #.....       83%         1    ##.....
 Summon Butterflies       Summ           #.......     83%         1    ##.....
 Passwall                 Tmut/Erth      #.......     92%         2    ###....
 Stone Arrow              Conj/Erth      #.....       99%         3    ####...
 Petrify                  Tmut/Erth      #.......     100%        4    #####..
 Lee's Rapid Deconstruct  Erth           #.........   100%        5    ######.


Dungeon Overview and Level Annotations

Branches:
Dungeon (4/15)
 Temple: D:4-7

Altars:
Ashenzari
Cheibriados
Makhleb
Yredelemnul
Zin

Shops:
D:3 *


Innate Abilities, Weirdness & Mutations

You are resistant to torment.
((Your stone body is resilient. (AC +4)))
You are immune to poison.
You resist negative energy. (rN+)
((You are resistant to electric shocks. (rElec)))
((You can survive without breathing.))
You are immune to petrification.
You are immune to rotting.
((You have sharp toenails.))
((Armour fits poorly on your strangely shaped body.))


Message History

The orc warrior is severely wounded.
You block the orc warrior's attack.
You hit the orc warrior.
The orc warrior is severely wounded.
The orc warrior hits you with a +0 dire flail!
* * * LOW HITPOINT WARNING * * *
You hit the orc warrior.
The orc warrior is almost dead.
You block the orc warrior's attack.
You barely miss the orc warrior.
The orc warrior is almost dead.
You block the orc warrior's attack.
You closely miss the orc warrior.
The orc warrior is almost dead.
You block the orc warrior's attack.
You barely miss the orc warrior.
The orc warrior is almost dead.
The orc priest mumbles some strange prayers to Beogh against you.
Beogh smites you!
You die...

#.. .. ..#.# #. ##
#################.#.# #. #..
..ooooo♣........#.#.# #. # #.#
###############.#.#.# #. #.#.#
#.#.#.# #. ##.#.#
##########.#.#.# #.
...#.##########........#.#.#.###.
................................>
.................................
####'#######.....................
.......#####.....................


You could see an orc warrior, an orc priest and 3 orcs.

Vanquished Creatures
  An ogre (D:4)
  2 jellies (D:2)
  3 orc priests
  2 hounds
  An orc wizard (D:4)
  Natasha (D:2)
  4 adders
  9 oozes (D:2)
  6 worms
  A dart slug (D:1)
  3 leopard geckos
  4 orcs
  6 bats
  4 giant cockroaches
  8 goblins
  8 hobgoblins
  A quokka (D:3)
  2 ball pythons (D:3)
  6 frilled lizards
  15 kobolds
  7 rats
  A spectral orc (D:4)
95 creatures vanquished.

Vanquished Creatures (others)
  A goblin (D:2)
  2 fungi (D:2)
  7 toadstools (D:2)
10 creatures vanquished.

Grand Total: 105 creatures vanquished

Notes
Turn   | Place    | Note
-------+----------+-------------------------------------------
     0 | D:1      | Borgoz the Gargoyle Fighter began the quest for the Orb.
     0 | D:1      | Reached XP level 1. HP: 14/14 MP: 1/1
   112 | D:1      | Reached XP level 2. HP: 18/19 MP: 2/2
   136 | D:1      | Found a snail-covered altar of Cheibriados.
   509 | D:1      | Reached XP level 3. HP: 22/23 MP: 3/3
   693 | D:2      | Reached skill level 1 in Dodging
   879 | D:2      | Reached skill level 1 in Stealth
   879 | D:2      | Reached XP level 4. HP: 5/28 MP: 3/5
   900 | D:2      | Reached XP level 5. HP: 6/33 MP: 6/6
   908 | D:2      | Gained mutation: Armour fits poorly on your strangely
                  | shaped body. [potion of mutation]
   908 | D:2      | Gained mutation: You have sharp toenails. [potion of
                  | mutation]
   914 | D:2      | Reached skill level 1 in Throwing
   914 | D:2      | Reached skill level 1 in Spellcasting
  1079 | D:2      | Noticed Natasha
  1086 | D:2      | Killed Natasha
  1426 | D:2      | Found a burning altar of Makhleb.
  1434 | D:2      | Reached XP level 6. HP: 35/38 MP: 7/7
  1786 | D:3      | Found a shattered altar of Ashenzari.
  2157 | D:3      | Found Zin's Purification Station.
  2159 | D:3      | Found a glowing silver altar of Zin.
  2524 | D:4      | Reached XP level 7. HP: 28/43 MP: 9/9
  2582 | D:4      | Identified An Introduction to Sorcery
  2586 | D:4      | Learned a level 1 spell: Confusing Touch
  2672 | D:4      | Found a basalt altar of Yredelemnul.
  2731 | D:4      | Killed from afar by an orc priest

Skill      XL: |  1  2  3  4  5  6 |
---------------+-------------------+-----
Short Blades   | 2 3 |  3.4
Dodging        | 1 2 |  2.4
Stealth        | 1 2 |  2.2
Throwing       | 1 |  1.8
Spellcasting   | 1 |  1.7
Fighting       | 4 |  4.1
Shields        | 4 |  4.1
Armour         | 4 |  4.1

Action                   |  1- 3 |  4- 6 |  7- 9 || total
-------------------------+-------+-------+-------++-------
Melee: Rapier            |   153 |   171 |    59 ||   383
       Kick              |       |    39 |    13 ||    52
  Use: Potion            |     1 |     5 |     3 ||     9
  Eat: Chunk             |       |     6 |       ||     6
Armor: Scale mail        |   102 |    54 |    27 ||   183
       Skin              |       |       |     2 ||     2
Dodge: Dodged            |    49 |    43 |    22 ||   114
Block: Shield            |    93 |   103 |    61 ||   257
       Reflection        |       |     2 |       ||     2
